 Dungeon Crawl Stone Soup version 0.28-a0-627-g4e9751bbfc (webtiles) character file.

Game seed: 10923291847122013208

30 Antediluvian the Firebug (level 3, -5/19 HPs)
             Began as a Tengu Fire Elementalist on Oct 8, 2021.
             Killed from afar by Sigmund (7 damage)
             ... with a puff of flame
             ... on level 2 of the Dungeon.
             The game lasted 00:05:18 (962 turns).

Antediluvian the Firebug (Tengu Fire Elementalist)   Turns: 962, Time: 00:05:19

Health: -5/19      AC:  2    Str:  8    XL:     3   Next: 18%
Magic:  4/7        EV: 12    Int: 16    God:
Gold:   11         SH:  0    Dex: 14    Spells: 5/6 levels left

rFire   . . .      SeeInvis .   (no weapon)
rCold   . . .      Faith    .   (no shield)
rNeg    . . .      Spirit   .   a - +0 robe
rPois   .          Reflect  .   (helmet restricted)
rElec   .          Harm     .   (no cloak)
rCorr   .          Rampage  .   (no gloves)
Will    .....                   (boots unavailable)
Stlth   +.........              c - amulet of the acrobat
HPRegen 0.06/turn               (no ring)
MPRegen 0.10/turn               (no ring)

@: confused, hasted, very quick
A: beak, talons 3
a: no special abilities


You were on level 2 of the Dungeon.
You visited 1 branch of the dungeon, and saw 2 of its levels.

You collected 11 gold pieces.

Inventory:

Armour
 a - a +0 robe (worn)
Jewellery
 c - an amulet of the acrobat (around neck)
Scrolls
 b - a scroll of fear {unknown}
 e - a scroll of identify {unknown}
 f - a scroll of magic mapping {unknown}


   Skills:
 + Level 0.0 Fighting
 + Level 2.3 Dodging
 - Level 2.2 Stealth
 - Level 2.2 Spellcasting
 + Level 1.9 Conjurations
 + Level 4.0 Fire Magic


You had 5 spell levels left.
You knew the following spells:

 Your Spells              Type           Power      Damage    Failure   Level
a - Foxfire               Conj/Fire      44%        2x1d6     6%          1

Your spell library contained the following spells:

 Spells                   Type           Power      Damage    Failure   Level
 Scorch                   Fire           28%        2d6       6%          2
 Conjure Flame            Conj/Fire      11%        6-21      19%         3
 Inner Flame              Hex/Fire       8%         N/A       26%         3
 Stone Arrow              Conj/Erth      8%         3d7       38%         3
 Flame Wave               Conj/Fire      11%        3d4       52%         4
 Animate Armour           Summ/Erth      2%         N/A       90%         4
 Lehudib's Crystal Spear  Conj/Erth      2%         10d2      100%        8


Dungeon Overview and Level Annotations

Branches:
Dungeon (2/15)

Altars:

Annotations:
D:2 Sigmund


Innate Abilities, Weirdness & Mutations

You have a beak for a mouth.
You have claws for feet.


Message History

You see here 18 arrows.
Sigmund the Dreaded comes into view.
He is wielding a +0 scythe.
Okay, then.
Casting: Foxfire (safe; 6% risk of failure)
Confirm with . or Enter, or press ? or * to list all spells.
You conjure some foxfire!
The foxfire hits Sigmund.
Sigmund is lightly wounded.
The foxfire hits Sigmund.
Sigmund is moderately wounded.
Casting: Foxfire (safe; 6% risk of failure)
Confirm with . or Enter, or press ? or * to list all spells.
You conjure some foxfire!
Sigmund hits you from afar with a +0 scythe!
The foxfire hits Sigmund.
Sigmund is moderately wounded.
The foxfire hits Sigmund.
Sigmund is heavily wounded.
Casting: Foxfire (safe; 6% risk of failure)
Confirm with . or Enter, or press ? or * to list all spells.
You conjure some foxfire!
An adder comes into view.
Your foxfire dissipates!
The foxfire hits Sigmund.
Sigmund is severely wounded.
Casting: Foxfire (safe; 6% risk of failure)
Confirm with . or Enter, or press ? or * to list all spells.
You conjure some foxfire!
Sigmund hits you from afar with a +0 scythe!
Ouch! That really hurt!
* * * LOW HITPOINT WARNING * * *
Your foxfire dissipates!
The foxfire hits Sigmund.
Sigmund is almost dead.
Sigmund gestures at you while chanting.
You are confused.
It was a potion of haste.
You feel yourself speed up. Sigmund casts a spell at you.
The puff of flame hits you!
You die...

...! #..#
# #..#
..##.#..#
#......S#
#....##@#
#.. #.# #
#.# #@#
#.# #.#
########.#
#.......(#
#.########
#.# #.#
#.#


You could see Sigmund and an adder.

Vanquished Creatures
  Robin (D:1)
  A giant cockroach (D:1)
  5 goblins
  4 hobgoblins
  2 kobolds (D:1)
  A ball python (D:1)
  3 bats (D:1)
  2 frilled lizards (D:1)
  2 rats (D:1)
21 creatures vanquished.

Vanquished Creatures (others)
  59 foxfires
59 creatures vanquished.

Grand Total: 80 creatures vanquished

Notes
Turn   | Place    | Note
-------+----------+-------------------------------------------
     0 | D:1      | Antediluvian the Tengu Fire Elementalist began the quest
                  | for the Orb.
     0 | D:1      | Reached XP level 1. HP: 10/10 MP: 4/4
   177 | D:1      | Reached XP level 2. HP: 15/15 MP: 3/6
   413 | D:1      | Found a faded altar of an unknown god.
   597 | D:2      | Noticed Robin
   705 | D:1      | Killed Robin
   706 | D:1      | Reached skill level 4 in Fire Magic
   706 | D:1      | Reached XP level 3. HP: 16/19 MP: 2/7
   952 | D:2      | Noticed Sigmund
   962 | D:2      | Killed from afar by Sigmund

Illustrated notes

Levels and vault maps discovered:
D:1:      dpeg_arrival_oval, layout_rooms, shapermc_ecumenical_altar_ellora
D:2:      layout_basic, uniq_robin, uniq_sigmund

Skill      XL: |  1  2 |
---------------+-------+-----
Fire Magic     | 4 |  4.0
Dodging        | |  2.3
Stealth        | |  2.2
Spellcasting   | |  2.2
Conjurations   | |  1.9

Action                   || total
-------------------------++-------
 Cast: Foxfire           ||    35
  Use: Potion            ||     1
Armor: Robe              ||     2
Dodge: Dodged            ||    16

Table legend: (Time is in decaauts)
 A = Elapsed time spent in this place.
 B = Non-inter-level travel time spent in this place.
 C = Inter-level travel time spent in this place.
 D = Time resting spent in this place.
 E = Time spent auto-exploring this place.
 F = Levels seen in this place.
 G = Mean time per level.
                   A        B        C        D        E       F      G
               +--------+--------+--------+--------+--------+-----+--------+
         Total |    967 |    938 |     29 |      0 |    770 |   2 |  483.5 |
       Dungeon |    967 |    938 |     29 |      0 |    770 |   2 |  483.5 |
               +--------+--------+--------+--------+--------+-----+--------+

Top non-repeatable levels by time:
     D:1: 916 daAuts
     D:2: 51 daAuts
